 Dungeon Crawl Stone Soup version 0.26-a0-540-g8a0c9464d7 (webtiles) character file.

Game seed: 10076156553868048147

84 Gorglomux the Skirmisher (level 4, -1/39 HPs)
             Began as a Palentonga Delver on Aug 21, 2020.
             Slain by a hound (3 damage)
             ... on level 4 of the Dungeon.
             The game lasted 00:01:27 (773 turns).

Gorglomux the Skirmisher (Palentonga Delver)         Turns: 773, Time: 00:01:27

Health: -1/39      AC:  4    Str: 16    XL:     4   Next: 23%
Magic:  4/4        EV:  9    Int: 10    God:
Gold:   18         SH:  0    Dex: 12    Spells: 3/3 levels left

rFire    . . .     SeeInvis +   a - +0 short sword
rCold    . . .     Faith    .   (no shield)
rNeg     . . .     Spirit   .   b - +0 leather armour
rPois    .         Reflect  .   (no helmet)
rElec    .         Harm     .   (no cloak)
rCorr    .                      (no gloves)
MR       .....                  (boots restricted)
Stlth    ++........             (no amulet)
HPRegen  0.13/turn              (no ring)
MPRegen  0.09/turn              (no ring)

@: no status effects
A: large, rugged brown scales 3, see invisible, deformed body, roll, armoured
tail
a: Rolling Charge


You were on level 4 of the Dungeon.
You visited 1 branch of the dungeon, and saw 2 of its levels.

You collected 18 gold pieces.

Inventory:

Hand Weapons
 a - a +0 short sword (weapon)
Armour
 b - a +0 leather armour (worn)
Wands
 D - a wand of digging (3)
Scrolls
 c - a scroll of fog
 e - a scroll of fear
Potions
 H - a potion of haste


   Skills:
 + Level 4.2 Fighting
 + Level 3.4 Short Blades
 - Level 1.5 Dodging
 - Level 3.3 Stealth


You had 3 spell levels left.
You didn't know any spells.
Your spell library was empty.

Dungeon Overview and Level Annotations

Branches:
Dungeon (5/15)
 Temple: D:4-7

Altars:


Innate Abilities, Weirdness & Mutations

You are completely covered in rugged brown scales. (AC +3, +7% HP)
You have supernaturally acute eyesight. (SInv)
Armour fits poorly on your strangely shaped body.
You can roll at foes to attack.
You have a long armoured tail.


Message History

You kill the iguana!
You have reached level 4!
You feel agile.
You start resting.
A hound comes into view.
The hound barks!
The hound bites you but does no damage.
You barely miss the hound. The hound completely misses you.
The hound bites you.
You barely miss the hound. The hound bites you but does no damage.
You hit the hound.
You tail-slap the hound, but do no damage.
The hound is lightly wounded.
The hound bites you. The hound bites you but does no damage.
You closely miss the hound.
The hound is lightly wounded.
The hound bites you. The giant cockroach barely misses you.
The hound bites you. The hound bites you but does no damage.
You hit the hound.
You tail-slap the hound, but do no damage.
The hound is moderately wounded.
The hound closely misses you.
You barely miss the hound.
The hound is moderately wounded.
The hound bites you but does no damage. The hound bites you.
You barely miss the hound.
The hound is moderately wounded.
The hound barely misses you.
You closely miss the hound.
The hound is moderately wounded.
The hound bites you.
You barely miss the hound.
The hound is moderately wounded.
The hound barely misses you. The hound bites you.
You closely miss the hound.
The hound is moderately wounded.
The hound barely misses you.
You hit the hound.
The hound is severely wounded.
The hound bites you.
You hit the hound.
The hound is almost dead.
The hound bites you.
* * * LOW HITPOINT WARNING * * *
The hound bites you.
* * * LOW HITPOINT WARNING * * *
You barely miss the hound.
The hound is almost dead.
The hound bites you.
You die...

#.#. ... ..#
... #.# ..#
#.. ..#...#
##.. #.#...
#... #(..
#.#.###.#
#...s...#
#...###h##.#
# #@##.#
#.##.#
#.##.#
#.##.#
####.##.#
#.......#
#.###.#.#
#.# #...#
#.####..#


You could see a hound and a giant cockroach.

Vanquished Creatures
  A centaur zombie (D:4)
  An iguana (D:4)
  A howler monkey skeleton (D:5)
  An adder (D:5)
  An ufetubus (D:5)
  A quokka (D:4)
6 creatures vanquished.

Notes
Turn   | Place    | Note
-------+----------+-------------------------------------------
     0 | D:5      | Gorglomux the Palentonga Delver began the quest for the
                  | Orb.
     0 | D:5      | Reached XP level 1. HP: 19/19 MP: 1/1
     4 | D:5      | Noticed an iguana
    60 | D:5      | Reached XP level 2. HP: 25/25 MP: 2/2
   236 | D:5      | Noticed an ogre
   403 | D:4      | Reached skill level 4 in Fighting
   403 | D:4      | Reached skill level 3 in Short Blades
   403 | D:4      | Reached XP level 3. HP: 19/32 MP: 3/3
   559 | D:4      | Reached XP level 4. HP: 9/39 MP: 4/4
   773 | D:4      | Slain by a hound

Illustrated notes

Levels and vault maps discovered:
D:4:      layout_basic
D:5:      layout_loops_ring, okawaru_altar_gauntlet_db, uniq_pikel

Skill      XL: |  1  2 |
---------------+-------+-----
Fighting       | 4 |  4.2
Short Blades   | 3 |  3.4
Dodging        | |  1.5
Stealth        | |  3.3

Action                   |  1- 3 |  4- 6 || total
-------------------------+-------+-------++-------
Melee: Short sword       |    33 |    13 ||    46
       Tailslap          |     7 |     2 ||     9
  Use: Scroll            |     1 |       ||     1
 Stab: Sleeping          |     1 |       ||     1
Armor: Leather armour    |     5 |     5 ||    10
Dodge: Dodged            |    19 |     6 ||    25

Table legend: (Time is in decaauts)
 A = Elapsed time spent in this place.
 B = Non-inter-level travel time spent in this place.
 C = Inter-level travel time spent in this place.
 D = Time resting spent in this place.
 E = Time spent auto-exploring this place.
 F = Levels seen in this place.
 G = Mean time per level.
                   A        B        C        D        E       F      G
               +--------+--------+--------+--------+--------+-----+--------+
         Total |    770 |    759 |     11 |    438 |     97 |   2 |  385.0 |
       Dungeon |    770 |    759 |     11 |    438 |     97 |   2 |  385.0 |
               +--------+--------+--------+--------+--------+-----+--------+

Top non-repeatable levels by time:
     D:4: 483 daAuts
     D:5: 287 daAuts
